 Dungeon Crawl Stone Soup version 0.18.1-48-g4cf74bf (webtiles) character file.

277 WarriorsX the Shield-Bearer (level 6, -2/38 HPs)
             Began as a Human Fighter on July 31, 2016.
             Killed by divine providence
             ... invoked by an orc priest
              (13 damage)
             ... on level 4 of the Dungeon.
             The game lasted 00:06:35 (3128 turns).

WarriorsX the Shield-Bearer (Human Fighter)         Turns: 3128, Time: 00:06:36

Health: -2/38      AC: 10    Str: 16 (18) XL:     6   Next: 51%
Magic:  0/6        EV:  7    Int:  7 (9)  God:
Gold:   182        SH:  9    Dex: 10 (12) Spells: 0 memorised, 5 levels left

rFire  . . .     SeeInvis .     a - +0 long sword
rCold  . . .     Gourm    .     b - +0 scale mail
rNeg   . . .     Faith    .     c - +0 shield
rPois  .         Spirit   +     p - +1 helmet
rElec  .         Dismiss  .     k - +0 cloak
rCorr  .         Reflect  .     g - +0 pair of gloves
SustAt .         Harm     .     (no boots)
MR     .....                    y - amulet of guardian spirit
Stlth  ..........               (no ring)
                                h - ring of flight

@: not resistant to hostile enchantments, extremely unstealthy
A: thin metallic scales 1, deformed body, deterioration 1, frail 2, mutation
resistance 1
a: Evoke Flight


You were on level 4 of the Dungeon.
You were not hungry.

You visited 1 branch of the dungeon, and saw 5 of its levels.

You collected 207 gold pieces.
You spent 25 gold pieces at shops.

Inventory:

Hand Weapons
 a - a +0 long sword (weapon)
Armour
 b - a +0 scale mail (worn)
 c - a +0 shield (worn)
 g - a +0 pair of gloves (worn)
 k - a +0 cloak (worn)
 p - a +1 helmet (worn)
Jewellery
 h - a ring of flight (left hand)
 y - an amulet of guardian spirit (around neck)
Wands
 e - a wand of flame (28/48)
 u - a wand of acid (7/15)
Scrolls
 i - 4 scrolls of remove curse
 n - 2 scrolls of identify
 q - a scroll of blinking
Potions
 d - 4 potions of might
 l - a potion of flight
Comestibles
 f - a bread ration
 j - 2 slices of pizza
 m - 2 meat rations
 o - 4 chunks of flesh
 w - 4 fruits


   Skills:
 + Level 4.1 Fighting
 + Level 3.5 Long Blades
 + Level 3.9 Armour
 - Level 1.3 Dodging
 - Level 0.4 Stealth
 + Level 4.3 Shields


You had 5 spell levels left.
You didn't know any spells.

Dungeon Overview and Level Annotations

Branches:
Dungeon (5/15)
 Temple: D:4-7

Altars:
Yredelemnul
The Shining One

Shops:
D:4 !*}


Innate Abilities, Weirdness & Mutations

You are partially covered in thin metallic scales (AC +2).
Armour fits poorly on your strangely shaped body.
Your body sometimes deteriorates upon taking damage.
You are very frail (-20% HP).
You are somewhat resistant to further mutation.


Message History

The orc is almost dead.
The orc priest hits you but does no damage.
You block the orc's attack. The orc hits you but does no damage.
The orc priest closely misses you.
You barely miss the orc.
The orc is almost dead.
The orc priest calls down the wrath of Beogh upon you.
Beogh smites you!
* * * LOW HITPOINT WARNING * * *
The orc hits you but does no damage.
You hit the orc but do no damage.
The orc is almost dead.
The orc priest calls upon Beogh to heal the orc.
The orc is healed somewhat.
The orc barely misses you. You block the orc's attack.
You block the orc priest's attack.
You slash the orc priest!
The orc priest is heavily wounded.
The orc priest invokes the aid of Beogh against you.
Beogh smites you!
You die...

#.###########.
#...........#.
#.#########.#. ###.#
#.#. ###'#'#### #.#.
#........# #.#.
#........#### #.#.
#.o.........###.#.
#@..........+.....
#o#.##......###.#.
#.#.##...#...##+#.
#........#........
####.#.P.P..#........
#....+.._............
#.##.#.P.P.#.......(.
#.#........#.######..
#.#..##..#.#.######..


You could see an orc priest and an orc.

Vanquished Creatures
  A phantom (D:4)
  An orc priest (D:3)
  Crazy Yiuf (D:3)
  A worker ant (D:4)
  3 adders
  An ooze (D:3)
  A worm (D:2)
  3 dart slugs
  4 giant geckos
  6 orcs
  6 giant cockroaches
  A hobgoblin (D:1)
  4 jackals (D:5)
  5 kobolds
  3 quokkas
  4 bats
  4 giant newts
  3 goblins
  8 rats
60 creatures vanquished.

Notes
Turn   | Place    | Note
--------------------------------------------------------------
     0 | D:1      | WarriorsX the Human Fighter began the quest for the Orb.
     0 | D:1      | Reached XP level 1. HP: 18/18 MP: 1/1
   225 | D:1      | Reached XP level 2. HP: 24/24 MP: 2/2
   697 | D:2      | Reached XP level 3. HP: 19/29 MP: 3/3
  1289 | D:2      | Reached XP level 4. HP: 31/35 MP: 4/4
  1901 | D:3      | Reached XP level 5. HP: 28/41 MP: 3/5
  2017 | D:3      | Found a glowing golden altar of the Shining One.
  2195 | D:3      | Noticed Crazy Yiuf
  2202 | D:3      | Killed Crazy Yiuf
  2234 | D:4      | Gained mutation: Your body sometimes deteriorates upon taking damage. [potion of mutation]
  2234 | D:4      | Gained mutation: You are partially covered in thin metallic scales (AC +2). [potion of mutation]
  2234 | D:4      | Gained mutation: You are frail (-10% HP). [potion of mutation]
  2321 | D:4      | Found a basalt altar of Yredelemnul.
  2388 | D:4      | Found Teghul's Gadget Boutique.
  2568 | D:4      | Noticed a phantom
  2618 | D:4      | Killed a phantom
  2618 | D:4      | Reached skill level 1 in Dodging
  2618 | D:4      | Reached XP level 6. HP: 30/43 MP: 6/6
  2926 | D:4      | Found Xarghud's Distillery.
  2931 | D:4      | Bought a potion of mutation for 25 gold pieces
  2931 | D:4      | Gained mutation: You are very frail (-20% HP). [potion of mutation]
  2931 | D:4      | Gained mutation: Armour fits poorly on your strangely shaped body. [potion of mutation]
  2931 | D:4      | Gained mutation: You are somewhat resistant to further mutation. [potion of mutation]
  2932 | D:4      | Found Boeryax's Assorted Antiques.
  3059 | D:5      | Entered Level 5 of the Dungeon
  3128 | D:4      | Killed from afar by an orc priest

Skill      XL: |  1  2  3  4  5 |
---------------+----------------+-----
Long Blades    | 3 |  3.5
Fighting       | 4 |  4.1
Dodging        | 1 |  1.3
Shields        | 4 |  4.3
Armour         | |  3.9
Stealth        | |  0.4

Action                   |  1- 3 |  4- 6 || total
-------------------------+-------+-------++-------
Melee: Long sword        |    75 |   149 ||   224
  Use: Scroll            |       |    10 ||    10
       Potion            |       |     9 ||     9
  Eat: Chunk             |     1 |     7 ||     8
Armor: Scale mail        |    32 |    71 ||   103
Dodge: Dodged            |    18 |    39 ||    57
Block: Shield            |    33 |    79 ||   112
